 Dungeon Crawl Stone Soup version 0.31-a0-175-g9f7f995f2b (webtiles) character file.

Game seed: 12126097059102463316

303 qw the Shooter (level 6, -5/57 HPs)
             Began as a Naga Hunter on June 17, 2023.
             Slain by a phantom (7 damage)
             ... on level 4 of the Dungeon.
             The game lasted 00:00:51 (2462 turns).

qw the Shooter (Naga Hunter)                        Turns: 2462, Time: 00:00:52

Health: -5/57      AC:  3    Str: 13    XL:     6   Next: 38%
Magic:  6/6        EV:  9    Int: 13    God:
Gold:   10         SH:  0    Dex: 15    Spells: 5/5 levels left

rFire   . . .        Y - +1 shortbow
rCold   + . .        (shield currently unavailable)
rNeg    . . .        c - +0 leather armour
rPois   +            (no helmet)
rElec   .            (no cloak)
rCorr   +            (no gloves)
SInv    +            (no barding)
Will    .....        (no amulet)
Stlth   ++           h - ring of protection from cold
HPRegen 0.29/turn    i - ring of resist corrosion
MPRegen 0.10/turn

%: no passive effects
@: short of breath, very slow
A: AC +2, large, see invisible, deformed body, poison resistance, slowness 2,
spit poison 2, naga tail 1, clever 1
a: Breathe Poison Gas


You were on level 4 of the Dungeon.
You visited 1 branch of the dungeon, and saw 4 of its levels.

You collected 120 gold pieces.
You spent 110 gold pieces at shops.


Innate Abilities, Weirdness & Mutations

Your serpentine skin is tough. (AC +2)
You have supernaturally acute eyesight. (SInv)
Armour fits poorly on your strangely shaped body.
Your system is resistant to poisons. (rPois)
You cover ground very slowly.
You can exhale a cloud of poison.
You have a snake-like lower body.
Your mind is acute. (Int +4, Str/Dex -1)


   Skills:
 + Level 3.9 Fighting
 - Level 6.0 Ranged Weapons
 - Level 1.5 Dodging
 - Level 1.5 Stealth


You had 5 spell levels left.
You didn't know any spells.
Your spell library was empty.

Inventory:

Hand Weapons
 Y - a +1 shortbow (weapon)
Armour
 c - a +0 leather armour (worn)
Jewellery
 h - a ring of protection from cold (left hand)
 i - a ring of resist corrosion (right hand)
Scrolls
 a - a scroll of identify
 d - a scroll of enchant armour {unknown}
Potions
 b - 3 potions of curing
 e - a potion of lignification {unknown}
 f - a potion of mutation
 j - a potion of degeneration {unknown}
 l - 2 potions of cancellation

Dungeon Overview and Level Annotations

Branches:
Dungeon (4/15)
 Temple: D:4-7

Altars:
Cheibriados

Shops:
D:4 =!


Message History

Natasha is poisoned.
Natasha is severely wounded.
Natasha is engulfed in poison gas.
Natasha looks even sicker.
Natasha growls.
Natasha casts a spell at you. The magic dart hits you.
You shoot an arrow.
The arrow hits Natasha but does no damage.
Natasha is almost dead.
Natasha is engulfed in poison gas.
Natasha looks even sicker.
You kill Natasha!
You hear a faint echoing roar filled with hate and sorrow!
You shoot an arrow. The arrow hits the phantom.
The phantom is lightly damaged.
You shoot an arrow.
The arrow hits the phantom but does no damage.
The phantom is lightly damaged.
You shoot an arrow. The arrow hits the phantom!
The phantom is heavily damaged.
A quokka comes into view.
You shoot an arrow. The arrow closely misses the phantom.
You shoot an arrow.
The arrow hits the phantom but does no damage.
The phantom is heavily damaged.
The phantom hits you.
The phantom blinks!
You blink.
An orc priest comes into view. It is wielding a +0 flail.
Found a stone staircase leading down.
Enter note: You shoot an arrow.
The orc priest shouts!
The arrow hits the phantom.
The phantom is heavily damaged.
The phantom hits you.
The quokka bites you but does no damage.
The phantom hits you.
You shoot an arrow. The arrow barely misses the phantom.
The quokka barely misses you.
The orc priest calls down the wrath of Beogh upon you.
Pain shoots through your body! The phantom hits you!
You die...

#.. ... .### #.. #+ ... ....
... #.# #'# ..... ...#... #.#
..... #.#.#..####.#......
...#...........#\.....
.......##.........o...
#ยค))).)r@.......
#.##....W.......
#.##............
#.##............
#.##............
#####.##............#
#.....##..............#######
#.######...........> #......#
#.# #......'


You could see a phantom, an orc priest and a quokka.

Vanquished Creatures
  An orc priest (D:4)
  An iron imp (D:3)
  An iguana (D:3)
  Natasha (D:4)
  2 orc wizards
  4 gnolls (D:2)
  4 adders
  2 worms (D:3)
  A dart slug (D:1)
  6 orcs
  4 endoplasms
  3 giant cockroaches
  7 goblins (D:1)
  2 hobgoblins
  7 kobolds
  2 quokkas (D:2)
  8 ball pythons
  A bat (D:3)
  2 frilled lizards (D:2)
  5 rats
64 creatures vanquished.

Notes
Turn   | Place    | Note
-------+----------+-------------------------------------------
     0 | D:1      | qw the Naga Hunter began the quest for the Orb.
     0 | D:1      | Reached XP level 1. HP: 19/19 MP: 1/1
     0 | D:1      | 0 ||| qw: Version: 0.3-a-2-g5ab2908
     0 | D:1      | 0 ||| qw: Game counter: 131
     0 | D:1      | 0 ||| qw: Always use a shield: true
     0 | D:1      | 0 ||| qw: God list: Okawaru
     0 | D:1      | 0 ||| qw: Allow faded altars: false
     0 | D:1      | 0 ||| qw: Do Orc after D:15 true
     0 | D:1      | 0 ||| qw: Do second Lair branch before Depths: true
     0 | D:1      | 0 ||| qw: Lair rune preference: random
     0 | D:1      | 0 ||| qw: Plans: Normal
     0 | D:1      | 0 ||| PLANNING D:1-11
    63 | D:1      | 63 ||| INVOKING Spit Poison.
    64 | D:1      | 64 ||| INVOKING Spit Poison.
    67 | D:1      | Found a faded altar of an unknown god.
    90 | D:1      | 90 ||| INVOKING Spit Poison.
   144 | D:1      | 144 ||| INVOKING Spit Poison.
   268 | D:1      | Reached skill level 4 in Ranged Weapons
   268 | D:1      | Reached XP level 2. HP: 26/26 MP: 2/2
   281 | D:1      | 281 ||| INVOKING Spit Poison.
   286 | D:1      | 286 ||| INVOKING Spit Poison.
   340 | D:1      | 340 ||| INVOKING Spit Poison.
   342 | D:1      | 342 ||| FLEEEEING.
   346 | D:1      | 346 ||| INVOKING Spit Poison.
   381 | D:1      | 381 ||| INVOKING Spit Poison.
   601 | D:1      | 601 ||| INVOKING Spit Poison.
   613 | D:1      | 613 ||| INVOKING Spit Poison.
   616 | D:1      | 616 ||| INVOKING Spit Poison.
   643 | D:1      | 643 ||| INVOKING Spit Poison.
   785 | D:1      | 785 ||| INVOKING Spit Poison.
   787 | D:1      | Reached XP level 3. HP: 32/32 MP: 3/3
   825 | D:1      | 825 ||| INVOKING Spit Poison.
  1045 | D:1      | 1045 ||| INVOKING Spit Poison.
  1120 | D:1      | 1120 ||| UPGRADING to ring of protection from cold.
  1121 | D:1      | 1121 ||| READING 2 scrolls labelled FIORUI COKEAPH.
  1122 | D:1      | 1122 ||| READING 3 scrolls labelled LAHOTE LICSAA.
  1123 | D:1      | 1123 ||| READING scroll labelled KOENNI EMENT.
  1124 | D:1      | 1124 ||| DROPPING scroll of butterflies.
  1125 | D:1      | 1125 ||| DROPPING 2 scrolls of revelation.
  1186 | D:2      | 1186 ||| INVOKING Spit Poison.
  1198 | D:2      | 1198 ||| INVOKING Spit Poison.
  1230 | D:2      | 1230 ||| INVOKING Spit Poison.
  1235 | D:2      | 1235 ||| INVOKING Spit Poison.
  1240 | D:2      | 1240 ||| INVOKING Spit Poison.
  1241 | D:2      | Reached skill level 5 in Ranged Weapons
  1241 | D:2      | Reached XP level 4. HP: 13/39 MP: 4/4
  1347 | D:2      | 1347 ||| INVOKING Spit Poison.
  1394 | D:2      | 1394 ||| INVOKING Spit Poison.
  1420 | D:2      | 1420 ||| INVOKING Spit Poison.
  1512 | D:2      | 1512 ||| INVOKING Spit Poison.
  1528 | D:2      | Identified the +2 whip of Dominance {freeze, Str+3}
  1587 | D:2      | 1587 ||| INVOKING Spit Poison.
  1639 | D:2      | 1639 ||| INVOKING Spit Poison.
  1644 | D:2      | 1644 ||| INVOKING Spit Poison.
  1652 | D:2      | 1652 ||| INVOKING Spit Poison.
  1657 | D:2      | 1657 ||| INVOKING Spit Poison.
  1661 | D:2      | 1661 ||| UPGRADING to ring of resist corrosion.
  1662 | D:2      | 1662 ||| READING scroll labelled HAAT MAQECOOH.
  1663 | D:2      | 1663 ||| READING scroll labelled USKAUGGOARA.
  1664 | D:2      | 1664 ||| READING scroll labelled QIKHAEQOANG.
  1665 | D:2      | 1665 ||| DRINKING 2 viscous pink potions.
  1665 | D:2      | Gained mutation: Your mind is acute. (Int +4, Str/Dex -1)
                  | [potion of mutation]
  1665 | D:2      | Gained mutation: You can exhale a cloud of poison. [potion
                  | of mutation]
  1666 | D:2      | 1666 ||| READING 2 scrolls of identify.
  1666 | D:2      | 1666 ||| IDENTIFYING puce potion
  1673 | D:3      | 1673 ||| INVOKING Breathe Poison Gas.
  1679 | D:3      | Reached skill level 3 in Fighting
  1700 | D:3      | 1700 ||| INVOKING Breathe Poison Gas.
  1716 | D:3      | 1716 ||| INVOKING Breathe Poison Gas.
  1734 | D:3      | 1734 ||| INVOKING Breathe Poison Gas.
  1737 | D:3      | Reached XP level 5. HP: 32/49 MP: 5/5
  1744 | D:3      | 1744 ||| INVOKING Breathe Poison Gas.
  1823 | D:3      | 1823 ||| INVOKING Breathe Poison Gas.
  1939 | D:3      | Found a snail-covered altar of Cheibriados.
  1991 | D:3      | 1991 ||| INVOKING Breathe Poison Gas.
  2030 | D:3      | 2030 ||| INVOKING Breathe Poison Gas.
  2247 | D:3      | 2247 ||| READING 3 scrolls labelled ICREGE ZAMOGUS.
  2248 | D:3      | 2248 ||| DROPPING 2 scrolls of fog.
  2302 | D:4      | 2302 ||| INVOKING Breathe Poison Gas.
  2303 | D:4      | Reached skill level 6 in Ranged Weapons
  2366 | D:4      | Found Kaps's Distillery.
  2374 | D:4      | 2374 ||| BUYING potion of cancellation (80 gold).
  2374 | D:4      | Bought a potion of cancellation for 80 gold pieces
  2374 | D:4      | 2374 ||| BUYING potion of curing (30 gold).
  2374 | D:4      | Bought a potion of curing for 30 gold pieces
  2374 | D:4      | 2374 ||| SHOPLISTING potion of curing (30 gold, have 10).
  2434 | D:4      | 2434 ||| INVOKING Breathe Poison Gas.
  2436 | D:4      | Reached XP level 6. HP: 56/56 MP: 6/6
  2449 | D:4      | Noticed Natasha
  2454 | D:4      | 2454 ||| INVOKING Breathe Poison Gas.
  2455 | D:4      | Killed Natasha
  2460 | D:4      | Found Qixtur's Jewellery Boutique.
  2461 | D:4      | HP: 12/57 [phantom (4)]
  2462 | D:4      | HP: 2/57 [orc priest/nerve-wracking pain (10)]
  2462 | D:4      | Slain by a phantom

Levels and vault maps discovered:
D:1:      sevenhm_arrival_forest_fort_small_5, layout_basic,
          ebering_ecumenical_altar_webs
D:2:      layout_rooms
D:3:      layout_loops_ring, slow_altar_1
D:4:      layout_basic, serial_shops, shop, shop, shop, uniq_natasha,
          uniq_blork_the_orc, uniq_sigmund

Skill      XL: |  1  2  3  4  5 |
---------------+----------------+-----
Ranged Weapons | 4 5 6 |  6.0
Fighting       | 3 |  3.9
Dodging        | |  1.5
Stealth        | |  1.5

Action                     |  1- 3 |  4- 6 || total
---------------------------+-------+-------++-------
   Fire: Shortbow          |    47 |    81 ||   128
Ability: Spit Poison       |    20 |     9 ||    29
         Breathe Poison Ga |       |    11 ||    11
    Use: Scroll            |     3 |     5 ||     8
         Potion            |       |     1 ||     1
 Armour: Leather armour    |     1 |     4 ||     5
  Dodge: Dodged            |     3 |    10 ||    13

Table legend:
 A = Non-vault XP
 B = Vault XP
 C = Vault XP percentage of total XP
 D = Non-vault monster count
 E = Vault monster count
 F = Vault count percentage of total count
                 A         B        C        D         E       F
            +---------+---------+-------+---------+---------+-------
      Total |     357 |      76 |  17.6 |      62 |       2 |   3.1
            +---------+---------+-------+---------+---------+-------
        D:1 |      39 |       0 |   0.0 |      21 |       0 |   0.0
        D:2 |     101 |       0 |   0.0 |      19 |       0 |   0.0
        D:3 |     120 |      40 |  25.0 |      16 |       1 |   5.9
        D:4 |      97 |      36 |  27.1 |       6 |       1 |  14.3
            +---------+---------+-------+---------+---------+-------
